 Dungeon Crawl Stone Soup version 0.28.0-47-ge53b351184 (webtiles) character file.

Game seed: 14498590940048995852

121 GreyArmor the Sneak (level 5, 0/46 HPs)
             Began as a Ghoul Delver on May 9, 2022.
             Slain by a hound (5 damage)
             ... on level 5 of the Dungeon.
             The game lasted 00:16:30 (3743 turns).

GreyArmor the Sneak (Ghoul Delver)                  Turns: 3743, Time: 00:16:31

Health: 0/46       AC:  7    Str: 16    XL:     5   Next: 5%
Magic:  4/4        EV: 11    Int:  5    God:
Gold:   111        SH:  0    Dex: 12    Spells: 1/4 levels left

rFire   . . .      SeeInvis .   h - +3 dagger
rCold   + . .      Faith    .   (no shield)
rNeg    + + +      Spirit   .   k - +2 ring mail
rPois   ∞          Reflect  .   (no helmet)
rElec   .          Harm     .   (no cloak)
rCorr   .          Rampage  .   (no gloves)
Will    .....                   (no boots)
Stlth   ++........              (no amulet)
HPRegen 0.00/turn               (no ring)
MPRegen 0.09/turn               (no ring)

@: inhibited regen
A: claws 1, cold resistance 1, negative energy resistance 3, inhibited
regeneration, torment resistance 2
a: no special abilities


You were on level 5 of the Dungeon.
You visited 1 branch of the dungeon, and saw 5 of its levels.

You collected 111 gold pieces.

Inventory:

Hand Weapons
 h - a +3 dagger (weapon)
Missiles
 j - 17 poisoned darts (quivered)
Armour
 a - a +1 leather armour
 k - a +2 ring mail (worn)
Wands
 f - a wand of digging (3)
Scrolls
 b - a scroll of fog
 c - 2 scrolls of magic mapping
 d - a scroll of fear
 e - a scroll of torment {unknown}
 m - a scroll of enchant weapon {unknown}
 o - a scroll of teleportation {unknown}
Potions
 i - 3 potions of lignification


   Skills:
 + Level 4.0 Fighting
 + Level 1.2 Short Blades
 + Level 1.3 Armour
 + Level 2.5 Dodging
 + Level 6.1 Stealth
 - Level 2.6 Unarmed Combat


You had one spell level left.
You knew the following spells:

 Your Spells              Type           Power      Damage    Failure   Level
a - Vampiric Draining     Necr           0%         2d6       97%         3

Your spell library contained the following spells:

 Spells                   Type           Power      Damage    Failure   Level
 Animate Skeleton         Necr           0%         N/A       71%         1
 Apportation              Tloc           0%         N/A       71%         1
 Slow                     Hex            0%         N/A       71%         1
 Summon Small Mammal      Summ           0%         N/A       71%         1
 Confusing Touch          Hex            0%         N/A       97%         3


Dungeon Overview and Level Annotations

Branches:
Dungeon (5/15)
 Temple: D:4-7

Altars:
Qazlal

Shops:
D:2 :


Innate Abilities, Weirdness & Mutations

You thrive by killing the living.
You are immune to poison.
You have sharp fingernails.
Your flesh is cold resistant. (rC+)
You are immune to negative energy. (rN+++)
You do not regenerate when monsters are visible.
You are immune to unholy pain and torment.


Message History

The hound barks!
You see here a scroll labelled ANIMPU CUNIUD.
A giant cockroach comes into view.
The hound misses you.
A giant cockroach comes into view.
The hound bites you but does no damage. The hound bites you.
The fire elemental misses you.
A quokka comes into view.
The hound bites you but does no damage. The hound bites you.
The fire elemental hits you. The fire elemental burns you!
The giant cockroach waves its antennae.
The hound completely misses you.
The giant cockroach bites you but does no damage.
The giant cockroach closely misses you. The hound bites you.
The hound barely misses you. The giant cockroach misses you.
The hound bites you.
* * * LOW HITPOINT WARNING * * *
The giant cockroach waves its antennae.
The hound bites you but does no damage. The hound closely misses you.
The giant cockroach bites you but does no damage.
The hound closely misses you. The hound bites you but does no damage.
The hound barely misses you. The hound bites you.
* * * LOW HITPOINT WARNING * * *
The hound completely misses you.
The giant cockroach waves its antennae.
The hound bites you.
* * * LOW HITPOINT WARNING * * *
There is a stone staircase leading down here.
The hound bites you.
* * * LOW HITPOINT WARNING * * *
You climb downwards.
There is a stone staircase leading up here.
You hit the giant cockroach.
You kill the giant cockroach!
The hound barely misses you. The hound bites you.
You die...

.#.# #........#
.....##..#.#.#.######
.#.#.................
.....##..#.#.#.......
#.#............##....
...#.#....>......###
.............######
.......##.##h####
#.###. #.##@...#####
.. .. #.###†.......
.#> #..##..#.#.#.
#....##.##........
............#.#.#.
<.................
............#.#.#.
..................
#########.........


You could see a hound.

Vanquished Creatures
  An iguana (D:4)
  An orc wizard (D:3)
  A dart slug (D:3)
  3 orcs (D:3)
  6 ball pythons
  4 bats
  5 endoplasms
  3 giant cockroaches
  7 goblins
  3 hobgoblins
  10 jackals
  4 kobolds
  2 quokkas
  5 frilled lizards
  4 rats
59 creatures vanquished.

Notes
Turn   | Place    | Note
-------+----------+-------------------------------------------
     0 | D:5      | GreyArmor the Ghoul Delver began the quest for the Orb.
     0 | D:5      | Reached XP level 1. HP: 19/19 MP: 0/0
   564 | D:3      | Reached XP level 2. HP: 26/26 MP: 1/1
  1673 | D:3      | Reached XP level 3. HP: 33/33 MP: 2/2
  1874 | D:1      | Reached XP level 4. HP: 40/40 MP: 3/3
  1920 | D:1      | Found a faded altar of an unknown god.
  1940 | D:1      | Prayed at the altar of an unknown god.
  1940 | D:1      | Became a worshipper of Qazlal Stormbringer
  1940 | D:1      | Reached * piety under Qazlal
  1948 | D:1      | Reached skill level 1 in Armour
  1958 | D:1      | Fell from the grace of Qazlal
  2293 | D:1      | Reached skill level 6 in Stealth
  2583 | D:2      | Noticed a water elemental
  2583 | D:2      | Noticed a boulder beetle
  3029 | D:2      | Found Fuyj's Book Shoppe.
  3083 | D:2      | Reached skill level 1 in Short Blades
  3153 | D:2      | Learned a level 3 spell: Vampiric Draining
  3623 | D:4      | Reached XP level 5. HP: 22/46 MP: 4/4
  3707 | D:4      | Noticed a basilisk
  3707 | D:4      | Noticed a fire elemental
  3743 | D:5      | Slain by a hound

Illustrated notes

Levels and vault maps discovered:
D:1:      dpeg_arrival_orchard, layout_loops_ring,
          ebering_ecumenical_altar_abandoned
D:2:      layout_basic, serial_shops, nicolae_shop_trees
D:3:      layout_basic
D:4:      layout_cave_pods, portal_sewer_entry_f
D:5:      layout_rooms, minmay_temple_entry_nine_rooms, serial_glass,
          glass_columns_a, glass_columns_a, glass_columns_b, glass_columns_b,
          glass_columns_b, glass_columns_b, glass_columns_c, glass_columns_a,
          glass_columns_a, glass_columns_c, glass_columns_c, glass_columns_a,
          glass_columns_a, glass_columns_b, due_unseen_surprise,
          minmay_strange_pillars, feat_on_display, item_on_display_a,
          uniq_eustachio

Skill      XL: |  1  2  3  4 |
---------------+-------------+-----
Dodging        | 2 |  2.5
Armour         | 1 |  1.3
Stealth        | 6 |  6.1
Short Blades   | 1 |  1.2
Fighting       | 4 |  4.0
Unarmed Combat | |  2.6

Action                   |  1- 3 |  4- 6 || total
-------------------------+-------+-------++-------
Melee: Unarmed           |    64 |       ||    64
       Dagger            |     7 |   110 ||   117
       Punch             |       |     4 ||     4
Invok: Renounce Religion |       |     1 ||     1
  Use: Scroll            |     5 |     3 ||     8
       Potion            |       |     4 ||     4
 Stab: Sleeping          |     9 |     6 ||    15
       Distracted        |       |     1 ||     1
Armor: Leather armour    |     1 |       ||     1
       Ring mail         |    32 |    45 ||    77
Dodge: Dodged            |    44 |    83 ||   127
